 Dungeon Crawl Stone Soup version 0.18-a0-1211-g828307d (webtiles) character file.

30 wvc the Grave Robber (level 3, 0/31 HPs)
             Began as a Tengu Wanderer on Feb 2, 2016.
             Succumbed to an adder's poison
             ... on level 2 of the Dungeon.
             The game lasted 00:03:26 (916 turns).

wvc the Grave Robber (Tengu Wanderer)                Turns: 916, Time: 00:03:26

Health: 0/31       AC: 21    Str: 11    XL:     3   Next: 18%
Magic:  4/4        EV:  2    Int: 14    God:
Gold:   86         SH:  0    Dex: 13    Spells: 0 memorised, 2 levels left

rFire  . . .     SeeInvis .     f - bread ration
rCold  . . .     Gourm    +     (armour currently unavailable)
rNeg   + + +     Faith    .     (no shield)
rPois  +         Spirit   .     (helmet currently unavailable)
rElec  .         Dismiss  .     (cloak currently unavailable)
rCorr  .         Reflect  .     (gloves currently unavailable)
SustAt .         Harm     .     (boots unavailable)
MR     +....     NoTele   +     m - amulet of the gourmand
Stlth  ++........               (no ring)
                                (no ring)

@: lethally poisoned (0 -> -5), tree-form, somewhat resistant to hostile
enchantments, unstealthy
A: (beak), (talons 0), magic resistance 1
a: no special abilities


You were on level 2 of the Dungeon.
You were not hungry.
You were a tree.
You visited 1 branch of the dungeon, and saw 2 of its levels.

You collected 86 gold pieces.

Inventory:

Hand Weapons
 j - a +1 short sword of speed
Armour
 e - a +1 pair of gloves (melded)
 k - a +0 scale mail (melded)
 l - a +0 cloak (melded)
Jewellery
 m - an amulet of the gourmand (around neck)
Scrolls
 h - 2 scrolls of immolation
Potions
 d - 2 potions of flight
Books
 a - a book of Necromancy

   Spells                             Type                      Level
   a - Pain                           Necromancy                   1
   b - Animate Skeleton               Necromancy                   1
   c - Vampiric Draining              Necromancy                   3
   d - Regeneration                   Charms/Necromancy            3
   e - Animate Dead                   Necromancy                   4
   f - Control Undead                 Necromancy                   4
Comestibles
 f - a bread ration (in branch)
 g - a slice of pizza


   Skills:
 - Level 2.0 Fighting
   Level 1.1 Polearms
 - Level 1.0 Throwing
 + Level 1.8 Armour
 + Level 2.5 Dodging
 - Level 1.0 Stealth
   Level 3.2 Necromancy
   Level 1.0 Evocations


You had 2 spell levels left.
You didn't know any spells.

Dungeon Overview and Level Annotations

Branches:
Dungeon (2/15)

Altars:


Innate Abilities, Weirdness & Mutations

((You have a beak for a mouth.))
((You have claws for feet.))
You are resistant to hostile enchantments.


Message History

There is a lethal amount of poison in your body!
There is a lethal amount of poison in your body!
Wield which item (- for none, * to show all)? (? for menu, Esc to quit)
Your branches tingle!
j - a +1 short sword of speed (weapon)
There is a lethal amount of poison in your body!
There is a lethal amount of poison in your body!
Wield which item (- for none, * to show all)? (? for menu, Esc to quit)
Okay, then.
Wield which item (- for none, * to show all)? (? for menu, Esc to quit)
f - a bread ration (in branch)
You swing at nothing.
* * * LOW HITPOINT WARNING * * *
You feel sick.
You swing at nothing.
* * * LOW HITPOINT WARNING * * *
You feel sick.
You swing at nothing.
You swing at nothing.
You die...

.. .. ###.# .#
######..>.#.. .#
#..#...##...# .# #
#.........# .#
#.#####.)...###.# .#
#.........)###
.########.......♣.#
.##.....................
.##.###.......##........
....##......#..#.####...
.#####............ ..
.#####..##...#####^ .
.)......#..#.#
.###....#..#.#
..#..#.......#


There were no monsters in sight!

Vanquished Creatures
  An adder (D:2)
  An ooze (D:2)
  A giant cockroach (D:1)
  4 goblins
  4 hobgoblins
  2 bats
  2 kobolds
  A rat (D:1)
16 creatures vanquished.

Notes
Turn   | Place    | Note
--------------------------------------------------------------
     0 | D:1      | wvc the Tengu Wanderer began the quest for the Orb.
     0 | D:1      | wvc set off with: a book of Necromancy, a +0 short sword, a potion of lignification, a +0 robe, a bread ration
     0 | D:1      | Reached XP level 1. HP: 12/12 MP: 2/2
   358 | D:1      | Reached XP level 2. HP: 12/17 MP: 3/3
   842 | D:2      | Reached skill level 1 in Armour
   904 | D:2      | Reached XP level 3. HP: 7/21 MP: 4/4
   906 | D:2      | Gained mutation: You are resistant to hostile enchantments. [potion of mutation]
   906 | D:2      | Gained mutation: You are weak. (Str -2) [potion of mutation]
   906 | D:2      | Lost mutation: You are weak. (Str -2) [potion of mutation]
   914 | D:2      | HP: 1/31 [poisoned by an adder]
   916 | D:2      | Succumbed to an adder's poison

Vault maps used:
D:1:      minmay_arrival_loop
D:2:      lemuel_round_altar

Action                   || total
-------------------------++-------
Melee: Short sword       ||    65
  Use: Scroll            ||     5
       Potion            ||     3
 Stab: Sleeping          ||     1
  Eat: Chunk             ||     2
